AoeStats
← Michi3052

Arena

509908147Analyzed
1v1 RM · 4d ago on Sep 28, 2026· 46m 32s· 2 players
Game mode
Random Map
Map size
Tiny (2 player)
Population
200
Speed
Normal
Resources
Standard
Victory
Conquest
Starting age
Dark Age
Ending age
Imperial Age
RankedLock teamsTeams togetherTeam positionsShared explorationLock speedFull tech treeHidden civsTurbo modeCheats
Victory
Defeat
🇪🇸 Turks · Spain
698
+17
🇦🇷 Spanish · Argentina
709
-17
Michi3052
12:51 Feudal Age
13:26 Double-Bit Axe
13:34 Horse Collar
19:48 Castle Age
19:18 Gold Mining
19:21 Fletching
27:16 Imperial Age
25:31 Bow Saw
26:13 Gold Shaft Mining
27:09 Bodkin Arrow
29:18 Wheelbarrow
30:53 Padded Archer Armor
31:03 Heavy Plow
30:55 Town Watch
32:19 Loom
32:53 Hand Cart
38:38 Bracer
38:54 Leather Archer Armor
40:55 Stone Mining
44:42 Ring Archer Armor
44:16 Artillery
46:01 Ballistics
45:52 Masonry
46:11 Conscription
cronathor
14:06 Feudal Age
18:25 Castle Age
18:18 Double-Bit Axe
20:06 Wheelbarrow
20:16 Gold Mining
20:19 Stone Mining
21:13 Bow Saw
26:16 Atonement
29:25 Scale Barding Armor
29:22 Padded Archer Armor
29:12 Fletching
29:23 Scale Mail Armor
29:34 Forging
31:44 Chain Barding Armor
31:51 Hand Cart
32:27 Husbandry
32:38 Bloodlines
35:55 Imperial Age
33:17 Pikeman
33:43 Arson
35:31 Elite Skirmisher
36:17 Thumb Ring
40:57 Chemistry
40:34 Ballistics
39:54 Cavalier
Connection lost

Rejoining the realm…

Still unreachable

The connection could not be restored.

Session expired

The server has moved on; the page needs a fresh start.